 Dungeon Crawl Stone Soup version 0.22-a0-803-gd6d8abe (webtiles) character file.

41 Gildeon the Skirmisher (level 3, -7/33 HPs)
             Began as a Hill Orc Fighter on July 22, 2018.
             Mangled by a gnoll
             ... wielding a +1 halberd of venom
              (12 damage)
             ... on level 2 of the Dungeon.
             The game lasted 00:02:49 (746 turns).

Gildeon the Skirmisher (Hill Orc Fighter)            Turns: 746, Time: 00:02:49

Health: -7/33      AC:  9    Str: 20    XL:     3   Next: 52%
Magic:  3/3        EV:  5    Int:  9    God:
Gold:   101        SH:  9    Dex: 10    Spells: 2/2 levels left

rFire    . . .     SeeInvis .   a - +0 war axe
rCold    . . .     Gourm    .   c - +0 shield
rNeg     . . .     Faith    .   i - +0 chain mail
rPois    .         Spirit   .   (no helmet)
rElec    .         Reflect  .   (no cloak)
rCorr    .         Harm     .   (no gloves)
MR       .....                  (no boots)
Stlth    ..........             (no amulet)
HPRegen  0.11/turn              b - +2 ring of strength
MPRegen  0.08/turn              (no ring)

@: lethally poisoned (-7 -> -14), invisible
A: no striking features
a: no special abilities


You were on level 2 of the Dungeon.
You were not hungry.

You visited 1 branch of the dungeon, and saw 2 of its levels.

You collected 101 gold pieces.

Inventory:

Hand Weapons
 a - a +0 war axe (weapon)
Missiles
 m - a throwing net (quivered)
Armour
 c - a +0 shield (worn)
 i - a +0 chain mail (worn)
Jewellery
 b - a +2 ring of strength (left hand)
 j - an uncursed ring of protection from fire {unknown}
 l - an uncursed amulet of the acrobat {unknown}
Wands
 p - a wand of flame (30)
Scrolls
 e - 2 scrolls of remove curse
 o - a scroll of magic mapping {unknown}
Potions
 d - a potion of might
 k - a potion of heal wounds {unknown}
 n - 2 potions of curing {unknown}
 q - a potion of brilliance {unknown}
Comestibles
 f - 4 rations
 g - 4 chunks of flesh


   Skills:
 + Level 4.0 Fighting
 * Level 3.8 Axes
 + Level 3.6 Armour
 + Level 3.6 Shields


You had 2 spell levels left.
You didn't know any spells.
Your spell library was empty.

Dungeon Overview and Level Annotations

Branches:
Dungeon (2/15)

Altars:
Qazlal


Message History

The gnoll hits you from afar with a halberd of venom.
The gnoll closely misses you.
You slash the gnoll!
The gnoll is heavily wounded.
You block the gnoll's attack.
The gnoll hits you from afar with a halberd of venom!
You are poisoned.
The gnoll hits you from afar with a halberd.
* * * LOW HITPOINT WARNING * * *
You block the gnoll's attack.
* * * LOW HITPOINT WARNING * * *
You feel sick.
The gnoll hits you from afar with a spear.
* * * LOW HITPOINT WARNING * * *
It was a potion of invisibility.
You fade into invisibility!
* * * LOW HITPOINT WARNING * * *
You feel sick.
The gnoll hits you from afar with a halberd of venom!
You die...

...........#.#.#....#.##..##
.............#....##.#...#..
..#.####..##.###.##..##.##.#
# #...._.........#.##.#
#.###.#.##...#...##.#
#.##..#...........<..
..##....#########.... (
#####...###########...
....####@..#.....<......#
#..gg$.....############
......g....### .........###
..######## .


You could see 3 gnolls.

Vanquished Creatures
  An adder (D:2)
  2 dart slugs
  3 giant cockroaches
  5 goblins
  4 hobgoblins
  2 jackals (D:1)
  A bat (D:1)
  A frilled lizard (D:2)
  3 kobolds
  5 rats (D:1)
27 creatures vanquished.

Notes
Turn   | Place    | Note
-------+----------+-------------------------------------------
     0 | D:1      | Gildeon the Hill Orc Fighter began the quest for the Orb.
     0 | D:1      | Reached XP level 1. HP: 19/19 MP: 1/1
    66 | D:1      | Reached XP level 2. HP: 26/27 MP: 2/2
   515 | D:2      | Reached XP level 3. HP: 29/33 MP: 3/3
   539 | D:2      | Found a stormy altar of Qazlal.
   551 | D:2      | Found a faded altar of an unknown god.
   592 | D:2      | Reached skill level 4 in Fighting
   746 | D:2      | Mangled by a gnoll

Vault maps used:
D:1:      lightli_iron_boxes
D:2:      lemuel_crystal_altar, chequers_ecumenical_altar_twisty,
          minmay_misc_feat_hallway, minmay_tetromino_s4

Skill      XL: |  1  2  3 |
---------------+----------+-----
Axes           | 3 |  3.8
Fighting       | 4 |  4.0
Armour         | |  3.6
Shields        | |  3.6

Action                   || total
-------------------------++-------
Melee: War axe           ||    89
  Use: Scroll            ||     2
       Potion            ||     1
Armor: Scale mail        ||    14
       Chain mail        ||    28
Dodge: Dodged            ||    23
Block: Shield            ||    55

Table legend:
 A = Spawn XP
 B = Non-spawn XP
 C = Spawn XP percentage of total XP
 D = Spawn monster count
 E = Non-spawn monster count
 F = Spawn count percentage of total count
 G = Total turns spent on level
                    A         B        C        D         E        F      G
               +---------+---------+-------+---------+---------+-------+---------
         Total |       0 |      59 |   0.0 |       0 |      27 |   0.0 |   746
               +---------+---------+-------+---------+---------+-------+---------
           D:1 |       0 |      27 |   0.0 |       0 |      16 |   0.0 |   480
           D:2 |       0 |      32 |   0.0 |       0 |      11 |   0.0 |   266
               +---------+---------+-------+---------+---------+-------+---------
